TOP OF THE 1ST |
Mile High Broncos batting - Pitching for Vancouver Vipers : RHP Don Barnes
|
Pitching: RHP Don Barnes
|
|
Batting: LHB Ernesto López
|
0-0: Fly out, F6 (Line Drive, 6)
|
Batting: LHB Mark Everett
|
0-0: DOUBLE (Line Drive, 9LS)
|
Batting: RHB David Moran
|
0-0: Ball 1-0: Swinging Strike 1-1: Ball 2-1: SINGLE (Groundball, 34D) Mark Everett to third
|
Batting: LHB Dave Cook
|
0-0: Called Strike 0-1: DOUBLE (Line Drive, 89XD) Mark Everett scores David Moran to third Runner from 3rd tries for Home, SAFE, throw made home
|
Batting: RHB António Martínez
|
0-0: Ball 1-0: Swinging Strike 1-1: Ball 2-1: Swinging Strike 2-2: Strikes out swinging
|
Batting: RHB Jeff Packard
|
0-0: Foul Ball, location: 2F 0-1: Ball 1-1: Ball 2-1: Fly out, F8 (Line Drive, 8RD)
|
Top of the 1st over - 2 run(s), 3 hit(s), 0 error(s), 1 left on base; Mile High 2 - Vancouver 0 |
BOTTOM OF THE 1ST |
Vancouver Vipers batting - Pitching for Mile High Broncos : LHP Phil Forbes
|
Pitching: LHP Phil Forbes
|
|
Batting: RHB Víctor Arredondo
|
0-0: Ball 1-0: Ball 2-0: Called Strike 2-1: Ball 3-1: Base on Balls
|
Batting: RHB Sergio Pujols
|
0-0: Ball 1-0: Ball 2-0: Ball 3-0: Base on Balls Víctor Arredondo to second
|
Batting: LHB Benny Richard
|
0-0: Called Strike 0-1: Foul Ball, location: 2F 0-2: Ball 1-2: Foul Ball, location: 2F 1-2: 3-RUN HOME RUN (Flyball, 9D), Distance : 385 ft
|
Batting: RHB Steve Bender
|
0-0: Ball 1-0: Ball 2-0: Ball 3-0: Foul Ball, location: 2F 3-1: Base on Balls
|
Batting: RHB Walton Smith
|
0-0: Called Strike 0-1: Ball 1-1: Foul Ball, location: 2F 1-2: Foul Ball, location: 2F 1-2: Foul Ball, location: 2F 1-2: Ball 2-2: Foul Ball, location: 2F 2-2: DOUBLE (Line Drive, 7D) Steve Bender to third
|
Batting: LHB Brian Ford
|
0-0: Ball 1-0: Ground out 3-1 (Groundball, 34S) Steve Bender scores Walton Smith to third
|
Batting: RHB Salvador Medine
|
0-0: Foul Ball, location: 2F 0-1: Ball 1-1: Ground out 1-3 (Groundball, 15)
|
Batting: LHB Mike Williams
|
0-0: Ball 1-0: Foul Ball, location: 2F 1-1: Ball 2-1: Foul Ball, location: 2F 2-2: Ball 3-2: Strikes out looking
|
Bottom of the 1st over - 4 run(s), 2 hit(s), 0 error(s), 1 left on base; Mile High 2 - Vancouver 4 |
TOP OF THE 2ND |
Mile High Broncos batting - Pitching for Vancouver Vipers : RHP Don Barnes
|
Batting: RHB Edward Williams
|
0-0: Called Strike 0-1: Ball 1-1: Foul Ball, location: 2F 1-2: Foul Ball, location: 2F 1-2: Ball 2-2: Fly out, F8 (Line Drive, 8LM)
|
Batting: RHB John Brown
|
0-0: Ball 1-0: Ball 2-0: Ball 3-0: Base on Balls
|
Batting: RHB Evan Robinson
|
0-0: SINGLE (Groundball, 6MD) John Brown to second Runner from 2nd tries for 3rd, SAFE, throw made to third Evan Robinson to second
|
Batting: LHB Ernesto López
|
0-0: Ball 1-0: Foul Ball, location: 2F 1-1: Fly out, F8 (Flyball, 8RD) Runner from 3rd tags up, SCORES, no throw
|
Batting: LHB Mark Everett
|
0-0: Ball 1-0: SINGLE (Groundball, 6MD) Evan Robinson to third Runner from 3rd tries for Home, SAFE, no throw
|
Batting: RHB David Moran
|
0-0: Called Strike 0-1: Called Strike 0-2: Foul Ball, location: 2F 0-2: Foul Ball, location: 2F 0-2: Ball 1-2: SINGLE (Line Drive, 4MD) Mark Everett to second
|
Batting: LHB Dave Cook
|
0-0: Ball 1-0: Ball 2-0: Fielders Choice at 2nd, 4-6 (Groundball, 4)
|
Top of the 2nd over - 2 run(s), 3 hit(s), 0 error(s), 1 left on base; Mile High 4 - Vancouver 4 |
BOTTOM OF THE 2ND |
Vancouver Vipers batting - Pitching for Mile High Broncos : LHP Phil Forbes
|
Batting: RHB Axel Guimont
|
0-0: Ball 1-0: Called Strike 1-1: Ball 2-1: Called Strike 2-2: Strikes out swinging
|
Batting: RHB Víctor Arredondo
|
0-0: Ball 1-0: Ball 2-0: Called Strike 2-1: Ball 3-1: Base on Balls
|
Batting: RHB Sergio Pujols
|
0-0: Called Strike Víctor Arredondo is caught stealing 2nd base 0-1: Called Strike 0-2: Foul Ball, location: 2F 0-2: Ground out 1-3 (Groundball, 13)
|
Bottom of the 2nd over - 0 run(s), 0 hit(s), 0 error(s), 0 left on base; Mile High 4 - Vancouver 4 |
TOP OF THE 3RD |
Mile High Broncos batting - Pitching for Vancouver Vipers : RHP Don Barnes
|
Batting: RHB António Martínez
|
0-0: Called Strike 0-1: Swinging Strike 0-2: Strikes out looking
|
Batting: RHB Jeff Packard
|
0-0: Ball 1-0: Ball 2-0: Ball 3-0: Base on Balls
|
Batting: RHB Edward Williams
|
0-0: Ball 1-0: Ball 2-0: Foul Ball, location: 2F 2-1: Grounds into double play, 5-4-3 (Groundball, 56)
|
Top of the 3rd over - 0 run(s), 0 hit(s), 0 error(s), 0 left on base; Mile High 4 - Vancouver 4 |
BOTTOM OF THE 3RD |
Vancouver Vipers batting - Pitching for Mile High Broncos : LHP Phil Forbes
|
Batting: LHB Benny Richard
|
0-0: Ball 1-0: Called Strike 1-1: Ball 2-1: Foul Ball, location: 2F 2-2: Foul Ball, location: 2F 2-2: Strikes out swinging
|
Batting: RHB Steve Bender
|
0-0: Called Strike 0-1: Ball 1-1: Ball 2-1: Fly out, F6 (Flyball, 6MD)
|
Batting: RHB Walton Smith
|
0-0: Foul Ball, location: 2F 0-1: Foul Ball, location: 2F 0-2: Ball 1-2: SOLO HOME RUN (Flyball, 78XD), Distance : 425 ft
|
Batting: LHB Brian Ford
|
0-0: Swinging Strike 0-1: Ball 1-1: Ball 2-1: SINGLE (Line Drive, 34D)
|
Batting: RHB Salvador Medine
|
0-0: Ball 1-0: Fielders Choice at 2nd, 6-4 (Groundball, 6)
|
Bottom of the 3rd over - 1 run(s), 2 hit(s), 0 error(s), 0 left on base; Mile High 4 - Vancouver 5 |
TOP OF THE 4TH |
Mile High Broncos batting - Pitching for Vancouver Vipers : RHP Don Barnes
|
Batting: RHB John Brown
|
0-0: Called Strike 0-1: Ball 1-1: Swinging Strike 1-2: Ground out 6-3 (Groundball, 6)
|
Batting: RHB Evan Robinson
|
0-0: Called Strike 0-1: Hit by Pitch
|
Batting: LHB Ernesto López
|
0-0: Foul Ball, location: 2F 0-1: Ball 1-1: SINGLE (Line Drive, 6MD) Evan Robinson to second
|
Batting: LHB Mark Everett
|
0-0: Ball 1-0: Foul Ball, location: 2F 1-1: Swinging Strike 1-2: Strikes out swinging
|
Batting: RHB David Moran
|
0-0: Called Strike 0-1: Ball 1-1: Fly out, F9 (Flyball, 9)
|
Top of the 4th over - 0 run(s), 1 hit(s), 0 error(s), 2 left on base; Mile High 4 - Vancouver 5 |
BOTTOM OF THE 4TH |
Vancouver Vipers batting - Pitching for Mile High Broncos : LHP Phil Forbes
|
Batting: LHB Mike Williams
|
0-0: Called Strike 0-1: Foul Ball, location: 2F 0-2: Ball 1-2: Ball 2-2: Ball 3-2: Base on Balls
|
Batting: RHB Axel Guimont
|
0-0: Ball Mike Williams is caught stealing 2nd base 1-0: Ball 2-0: Swinging Strike 2-1: Swinging Strike 2-2: Foul Ball, location: 2F 2-2: Ball 3-2: Foul Ball, location: 2F 3-2: Base on Balls
|
Batting: RHB Víctor Arredondo
|
0-0: Swinging Strike 0-1: Ball 1-1: Ball 2-1: Swinging Strike 2-2: Ball 3-2: Strikes out looking Axel Guimont is caught stealing 2nd base Batter strikes out.
|
Bottom of the 4th over - 0 run(s), 0 hit(s), 0 error(s), 0 left on base; Mile High 4 - Vancouver 5 |
TOP OF THE 5TH |
Mile High Broncos batting - Pitching for Vancouver Vipers : RHP Don Barnes
|
Batting: LHB Dave Cook
|
0-0: Ball 1-0: Ball 2-0: Ball 3-0: Base on Balls
|
Batting: RHB António Martínez
|
0-0: Ball 1-0: Called Strike 1-1: Called Strike 1-2: Ball 2-2: SINGLE (Line Drive, 6MD) Dave Cook to second
|
Batting: RHB Jeff Packard
|
0-0: Foul Ball, location: 2F 0-1: Ball 1-1: Fly out, F9 (Line Drive, 9)
|
Batting: RHB Edward Williams
|
0-0: Fly out, F8 (Flyball, 78M)
|
Batting: RHB John Brown
|
0-0: Swinging Strike 0-1: Swinging Strike 0-2: Ball 1-2: Strikes out swinging
|
Top of the 5th over - 0 run(s), 1 hit(s), 0 error(s), 2 left on base; Mile High 4 - Vancouver 5 |
BOTTOM OF THE 5TH |
Vancouver Vipers batting - Pitching for Mile High Broncos : LHP Phil Forbes
|
Batting: RHB Sergio Pujols
|
0-0: Ball 1-0: Ball 2-0: Called Strike 2-1: Ball 3-1: Swinging Strike 3-2: Foul Ball, location: 2F 3-2: Foul Ball, location: 2F 3-2: Strikes out looking
|
Pitching: LHP Domingo Morales
|
|
Batting: LHB Benny Richard
|
0-0: Swinging Strike 0-1: Ball 1-1: SINGLE (Line Drive, 5D)
|
Batting: RHB Steve Bender
|
0-0: Ball 1-0: Ball 2-0: Grounds into double play, 5-4-3 (Groundball, 56)
|
Bottom of the 5th over - 0 run(s), 1 hit(s), 0 error(s), 0 left on base; Mile High 4 - Vancouver 5 |
TOP OF THE 6TH |
Mile High Broncos batting - Pitching for Vancouver Vipers : RHP Don Barnes
|
Batting: RHB Evan Robinson
|
0-0: Fly out, F7 (Flyball, 7S)
|
Batting: LHB Ernesto López
|
0-0: SINGLE (Flyball, 8RS)
|
Batting: LHB Mark Everett
|
0-0: Ball 1-0: Swinging Strike 1-1: Foul Ball, location: 2F 1-2: Ball 2-2: Foul Ball, location: 2F 2-2: Ball 3-2: Strikes out swinging Ernesto López is caught stealing 2nd base Batter strikes out.
|
Top of the 6th over - 0 run(s), 1 hit(s), 0 error(s), 0 left on base; Mile High 4 - Vancouver 5 |
BOTTOM OF THE 6TH |
Vancouver Vipers batting - Pitching for Mile High Broncos : LHP Domingo Morales
|
Batting: RHB Walton Smith
|
0-0: Ball 1-0: Ball 2-0: Ball 3-0: Base on Balls
|
Batting: LHB Brian Ford
|
0-0: Ball 1-0: Ball 2-0: Ball 3-0: Base on Balls Walton Smith to second
|
Batting: RHB Salvador Medine
|
0-0: Called Strike 0-1: Ball 1-1: Ball 2-1: Called Strike 2-2: SINGLE (Groundball, 56) (infield hit) Walton Smith to third Brian Ford to second
|
Batting: LHB Mike Williams
|
0-0: Swinging Strike 0-1: Called Strike 0-2: Ball 1-2: Strikes out swinging
|
Batting: RHB Axel Guimont
|
0-0: Called Strike 0-1: Ball 1-1: Swinging Strike 1-2: Grounds into fielders choice 6-2 (Groundball, 6) Brian Ford to third Salvador Medine to second
|
Batting: RHB Víctor Arredondo
|
0-0: Ball 1-0: Fly out, F7 (Flyball, 7S)
|
Bottom of the 6th over - 0 run(s), 1 hit(s), 0 error(s), 3 left on base; Mile High 4 - Vancouver 5 |
TOP OF THE 7TH |
Mile High Broncos batting - Pitching for Vancouver Vipers : RHP Don Barnes
|
Pitching: RHP Von Hicks
|
|
Batting: RHB David Moran
|
0-0: Called Strike 0-1: Swinging Strike 0-2: Fly out, F3 (Line Drive, 3)
|
Batting: LHB Dave Cook
|
0-0: Ball 1-0: Ball 2-0: Ball 3-0: Base on Balls
|
Batting: RHB António Martínez
|
0-0: Called Strike 0-1: Swinging Strike 0-2: Ball 1-2: Ball 2-2: Strikes out looking
|
Pinch Hitting: LHB Tony Báez
|
0-0: Called Strike 0-1: Ball 1-1: Ball 2-1: Swinging Strike 2-2: Foul Ball, location: 2F 2-2: Ball 3-2: SINGLE (Groundball, 6D) Dave Cook to second Dave Cook to third
|
Batting: RHB Edward Williams
|
0-0: SINGLE (Flyball, 89S) Dave Cook scores Tony Báez to second
|
Batting: RHB John Brown
|
0-0: Foul Ball, location: 2F 0-1: Foul Ball, location: 2F 0-2: Foul Ball, location: 2F 0-2: Fielders Choice at 2nd, 6-4 (Groundball, 6)
|
Top of the 7th over - 1 run(s), 2 hit(s), 0 error(s), 1 left on base; Mile High 5 - Vancouver 5 |
BOTTOM OF THE 7TH |
Vancouver Vipers batting - Pitching for Mile High Broncos : LHP Domingo Morales
|
Now in CF: Pedro Martínez
|
|
Batting: RHB Sergio Pujols
|
0-0: Called Strike 0-1: Ground out 6-3 (Groundball, 56)
|
Pinch Hitting: SHB Henry Copeland
|
0-0: Fly out, F7 (Flyball, 7S)
|
Batting: RHB Steve Bender
|
0-0: SINGLE (Groundball, 4MD)
|
Batting: RHB Walton Smith
|
0-0: Called Strike 0-1: Swinging Strike 0-2: Ball 1-2: Ball 2-2: Foul Ball, location: 2F 2-2: Ball 3-2: Base on Balls Steve Bender to second
|
Batting: LHB Brian Ford
|
0-0: Swinging Strike 0-1: Ball 1-1: Ball 2-1: Ball 3-1: Ground out 1-3 (Groundball, 13S)
|
Bottom of the 7th over - 0 run(s), 1 hit(s), 0 error(s), 2 left on base; Mile High 5 - Vancouver 5 |
TOP OF THE 8TH |
Mile High Broncos batting - Pitching for Vancouver Vipers : RHP Von Hicks
|
Now at 1B: Henry Copeland
|
|
Batting: RHB Evan Robinson
|
0-0: Ground out 6-3 (Groundball, 6)
|
Batting: LHB Ernesto López
|
0-0: Called Strike 0-1: Ball 1-1: Foul Ball, location: 2F 1-2: Ball 2-2: Fly out, F8 (Flyball, 78S)
|
Batting: LHB Mark Everett
|
0-0: Called Strike 0-1: Fly out, F5 (Line Drive, 56S)
|
Top of the 8th over - 0 run(s), 0 hit(s), 0 error(s), 0 left on base; Mile High 5 - Vancouver 5 |
BOTTOM OF THE 8TH |
Vancouver Vipers batting - Pitching for Mile High Broncos : LHP Domingo Morales
|
Batting: RHB Salvador Medine
|
0-0: Called Strike 0-1: Foul Ball, location: 2F 0-2: Ball 1-2: Ground out 4-3 (Groundball, 4)
|
Pinch Hitting: RHB Marvin Workman
|
0-0: Ball 1-0: Ball 2-0: Called Strike 2-1: Foul Ball, location: 2F 2-2: Ball 3-2: Foul Ball, location: 2F 3-2: Foul Ball, location: 2F 3-2: Base on Balls
|
Pinch Runner at 1st Ryan Parrish:
|
|
Batting: RHB Axel Guimont
|
0-0: Called Strike 0-1: Ball 1-1: Ball 2-1: Ground out 4-3 (Groundball, 4MS) Ryan Parrish to second
|
Pitching: RHP David Bailey
|
|
Batting: RHB Víctor Arredondo
|
0-0: Called Strike 0-1: Ball 1-1: Fly out, F8 (Flyball, 8LD)
|
Bottom of the 8th over - 0 run(s), 0 hit(s), 0 error(s), 1 left on base; Mile High 5 - Vancouver 5 |
TOP OF THE 9TH |
Mile High Broncos batting - Pitching for Vancouver Vipers : RHP Von Hicks
|
Pitching: RHP Augusto Herrera
|
|
Now in LF: Nick English
|
|
Batting: RHB David Moran
|
0-0: Foul Ball, location: 2F 0-1: Foul Ball, location: 2F 0-2: Strikes out swinging
|
Batting: LHB Dave Cook
|
0-0: Fly out, F7 (Line Drive, 7)
|
Batting: RHB António Martínez
|
0-0: Ball 1-0: Ball 2-0: Ball 3-0: Base on Balls
|
Batting: SHB Pedro Martínez
|
0-0: Called Strike 0-1: Ball 1-1: Swinging Strike 1-2: Ball 2-2: Ball 3-2: Foul Ball, location: 2F 3-2: Strikes out looking
|
Top of the 9th over - 0 run(s), 0 hit(s), 0 error(s), 1 left on base; Mile High 5 - Vancouver 5 |
BOTTOM OF THE 9TH |
Vancouver Vipers batting - Pitching for Mile High Broncos : RHP David Bailey
|
Pitching: RHP Yong-taek Yi
|
|
Batting: RHB Sergio Pujols
|
0-0: Called Strike 0-1: Ball 1-1: Called Strike 1-2: Fly out, F8 (Flyball, 8LS)
|
Batting: SHB Henry Copeland
|
0-0: Foul Ball, location: 2F 0-1: Ball 1-1: Ball 2-1: Ball 3-1: Base on Balls
|
Batting: RHB Steve Bender
|
0-0: Ball 1-0: Ball 2-0: Fly out, F6 (Popup, 56)
|
Batting: RHB Walton Smith
|
0-0: Ball 1-0: Foul Ball, location: 2F 1-1: Ball 2-1: Ball 3-1: Called Strike 3-2: Base on Balls Henry Copeland to second
|
Batting: LHB Brian Ford
|
0-0: Swinging Strike 0-1: Ball 1-1: SINGLE (Groundball, 56D) Henry Copeland to third Walton Smith to second Throwing error, E7 Henry Copeland scores
|
Tuesday, August 8th, 2017 - OOTP Baseball 17.12 Build 75
|
|